 Dungeon Crawl Stone Soup version 0.17-a0-530-gbe3d13a (webtiles) character file.

271684 inmateoo the Scorcher (level 20, -12/174 HPs)
             Began as a Hill Orc Fire Elementalist on Apr 12, 2015.
             Was the Champion of Ashenzari.
             Killed from afar by Nikola (23 damage)
             ... with a chain lightning
             ... on level 5 of the Swamp.
             The game lasted 02:57:46 (57411 turns).

inmateoo the Scorcher (Hill Orc Fire Elementalist) Turns: 57411, Time: 02:57:47

Health: -12/174    AC: 23    Str: 14      XL:     20   Next: 64%
Magic:  22/36      EV: 13    Int: 21      God:    Ashenzari [******]
Gold:   1102       SH: 15    Dex:  7 (9)  Spells: 8 memorised, 18 levels left

rFire  + + .     SeeInvis +     R - staff of fire
rCold  + + .     Clarity  +     b - quicksilver dragon armour (curse)
rNeg   . . .     SustAb   .     F - +2 shield (curse)
rPois  +         Gourm    .     E - +0 hat (curse)
rElec  .         Spirit   .     l - +0 cloak (curse)
rCorr  .         Warding  .     A - +2 pair of gloves
rMut   .         Stasis   .     v - +0 pair of boots (curse)
MR     ++...                    D - amulet of regeneration (curse)
Stlth  ++........               s - ring of Meuxecat {rPois rF+ rC+ Stlth+}
                                W - ring of protection from cold (curse)

@: very resistant to hostile enchantments, unstealthy
A: horns 1, large bone plates 1, clarity, clumsy 1, deterioration 1, mutation
resistance 1, sense surroundings 1
a: Scrying, Transfer Knowledge, Renounce Religion
}: 1/15 runes: serpentine


You were on level 5 of the Swamp.
You worshipped Ashenzari.
Ashenzari was exalted by your worship.
You were not hungry.

You visited 6 branches of the dungeon, and saw 40 of its levels.
You also visited: Labyrinth, Trove and Ice Cave.

You collected 4266 gold pieces.
You spent 2438 gold pieces at shops.

Inventory:

Hand weapons
 P - a +4 broad axe of flaming
Missiles
 j - 3 javelins of penetration (quivered)
Armour
 b - a cursed quicksilver dragon armour (worn)
 l - a cursed +0 cloak (worn)
 v - a cursed +0 pair of boots (worn)
 A - a +2 pair of gloves (worn)
 E - a cursed +0 hat (worn)
 F - a cursed +2 shield (worn)
Magical staves
 h - an uncursed staff of wizardry
 R - an uncursed staff of fire (weapon)
Rods
 V - a +1 lightning rod (14/14)
   (You found it in a labyrinth)
Jewellery
 e - an uncursed ring of fire
 g - an uncursed ring of protection from magic
 k - a cursed amulet of resist mutation
 s - the ring of Meuxecat (right hand) {rPois rF+ rC+ Stlth+}
   (You found it in a treasure trove)

   [ring of protection from fire]

   It protects you from fire.
   It protects you from cold.
   It protects you from poison.
   It makes you more stealthy.
 B - an uncursed amulet of resist corrosion
 D - a cursed amulet of regeneration (around neck)
 W - a cursed ring of protection from cold (left hand)
Magical devices
 m - a wand of heal wounds (4)
 z - a wand of disintegration (8)
 G - a wand of teleportation (1)
 Z - a wand of hasting (6)
Scrolls
 a - 20 scrolls of identify
 p - 4 scrolls of amnesia
 w - 6 scrolls of magic mapping
 y - 2 scrolls of fog
 H - 5 scrolls of fear
 K - a scroll of curse armour
 L - 2 scrolls of recharging
 N - 5 scrolls of enchant armour
Potions
 d - 9 potions of restore abilities
 f - 3 potions of magic
 n - 3 potions of haste
 o - 2 potions of cancellation
 q - a potion of heal wounds
 r - 5 potions of agility
 t - 5 potions of brilliance
 u - 3 potions of invisibility
 C - 2 potions of might
 I - 6 potions of curing
 J - a potion of flight
 Q - 2 potions of berserk rage
 Y - 3 potions of cure mutation
Miscellaneous
 S - a lamp of fire (inert)
 T - a fan of gales (inert)
Comestibles
 c - 7 bread rations
 i - 30 fruits


   Skills:
 - Level 14.0 Fighting
 - Level 12.4 Axes
 - Level 10.5(13.3) Armour
 - Level 8.1(11.1) Dodging
 - Level 1.5 Stealth
 - Level 9.7(12.5) Shields
 + Level 12.5 Spellcasting
 - Level 11.2(14.0) Conjurations
 + Level 6.6(9.7) Transmutations
 - Level 15.0(17.5) Fire Magic
 - Level 1.4(3.4) Air Magic
 + Level 8.4(11.4) Earth Magic
 - Level 1.5(3.6) Poison Magic
 + Level 13.8(16.4) Evocations


You had 18 spell levels left.
You knew the following spells:

 Your Spells              Type           Power        Failure   Level  Hunger
a - Flame Tongue          Conj/Fire      #####        1%          1    None
b - Throw Flame           Conj/Fire      ######       1%          2    None
c - Conjure Flame         Conj/Fire      #######.     1%          3    None
d - Sticky Flame          Conj/Fire      #######.     1%          4    None
e - Mephitic Cloud        Conj/Pois/Air  #####...     1%          3    None
f - Fireball              Conj/Fire      #######...   1%          5    ####...
g - Cure Poison           Pois           ####......   4%          2    None
h - Statue Form           Trmt/Erth      ######...    24%         6    #####..


Dungeon Overview and Level Annotations

Branches:
Dungeon (15/15)            Temple (0/1) D:6            Lair (8/8) D:10
  Swamp (5/5) Lair:5        Snake (5/5) Lair:5        Slime (0/6) Lair:7
    Orc (4/4) D:9             Elf (3/3) Orc:4        Vaults (0/5) D:13
 Depths (0/5) D:15

Altars:
Ashenzari
Cheibriados
Dithmenos
Elyvilon
Fedhas
Gozag
Kikubaaqudgha
Makhleb
Qazlal
Sif Muna
Trog
Vehumet
Xom
Zin
Beogh
Jiyva

Shops:
D:4 !   D:6 !   D:9 *   Orc:1 *[%*   Orc:4 [(!%   Elf:1 (   Elf:2 %!   Elf:3 }
Snake:4 }

Annotations:
D:4 Pikel
Swamp:5 Nikola
Elf:2 3 runed doors
Elf:3 1 exclusion


Innate Abilities, Weirdness & Mutations

You have a pair of small horns on your head.
You are partially covered in large bone plates (AC +2, SH +2).
You possess an exceptional clarity of mind.
You are clumsy. (Dex -2)
Your body is slowly deteriorating.
You are somewhat resistant to further mutation.
You passively map a small area around you.


Message History

You feel clumsy.
Unknown command.
You hit Nikola. You burn Nikola! Your headbutt misses Nikola.
Nikola is severely wounded.
You block Nikola's attack.
Nikola mumbles some strange words.
You hear a mighty clap of thunder!
The lightning arc hits you!
* * * LOW HITPOINT WARNING * * *
The lightning arc hits Nikola.
The lightning arc hits you!
* * * LOW HITPOINT WARNING * * *
The lightning arc hits Nikola.
The lightning arc hits you!
* * * LOW HITPOINT WARNING * * *
Unknown command.
You hit Nikola but do no damage. You burn Nikola!
Nikola is severely wounded.
Nikola mumbles some strange words.
You hear a mighty clap of thunder!
The lightning arc hits you!
You die...

***,,,≈,,≈≈*,≈......,,≈,,,**
**≈≈,,,,≈..[..≈,,≈≈,≈≈,**
**,*≈*≈...≈≈..,,,,,,,,*
*,,≈**♣≈......≈*≈***≈**
**,** ♣♣..≈..♣♣♣** *** ***
♣≈≈.....≈♣♣ ♣♣...≈≈.≈≈♣
♣.§.≈@.≈^.♣* ♣≈..≈§@♣≈,,*
♣♣.§≈.♣♣*≈** ♣♣..♣♣ ***
♣.†.♣ ♣♣.♣♣ ♣♣♣


You could see Nikola.

Vanquished Creatures
  Vashnia (Snake:3)
  Jorgrun (Snake:3)
  Rupert (Snake:1)
  Agnes (D:14)
  Frances (D:14)
  8 greater nagas
  5 thorn hunters
  A fire giant (D:15)
  An orc warlord (Orc:4)
  A deep elf sorcerer (Elf:2)
  Aizul (Elf:1)
  The ghost of Hanyuu the Unseen, a mighty KoAs of Dithmenos (Swamp:4)
  Nessos (D:15)
  Snorg (Lair:6)
  A minotaur (Lab)
  Josephine (D:13)
  20 hydras
  21 naga warriors
  Erica (D:11)
  18 anacondas
  Erolcha (Orc:1)
  2 centaur warriors
  4 death yaks (Lair:8)
  9 alligators
  5 orc high priests (Orc:4)
  13 deep elf knights
  Urug (D:11)
  8 shock serpents
  29 naga sharpshooters
  4 skeletal warriors (D:14)
  8 salamander mystics
  2 sea snakes (Snake:3)
  2 unseen horrors
  2 deep elf summoners
  11 swamp dragons
  3 ice statues
  3 orc knights (Orc:4)
  An obsidian statue (D:10)
  5 lindwurms
  5 shambling mangroves
  4 deep elf conjurers
  8 naga ritualists
  5 hill giants
  2 griffons (Lair:7)
  4 orc sorcerers
  A manticore (D:9)
  4 oklob plants
  A necromancer (D:13)
  11 ugly things
  A hornet (Swamp:4)
  5 cyclopes
  19 mana vipers
  15 salamanders
  2 centaur zombies
  5 elephants (Lair:7)
  11 guardian serpents
  20 naga magi
  50 black mambas
  17 spiny frogs
  8 komodo dragons
  2 torpor snails
  An orange demon (D:10)
  2 gargoyles
  A yaktaur (D:13)
  4 fire drakes
  5 deep elf priests
  A minotaur zombie (Lab)
  A merfolk (Lair:8)
  A queen bee (D:14)
  2 polar bears
  A tengu conjurer (D:15)
  5 wandering mushrooms (Swamp:4)
  6 trolls
  23 slime creatures
  6 bog bodies
  4 baby alligators (Swamp:4)
  18 ravens
  3 two-headed ogres
  A boulder beetle (Lair:7)
  23 blink frogs
  6 giant leeches
  A blink frog (shapeshifter) (D:15)
  4 spriggans
  A shadow (Swamp:2)
  A tarantella (shapeshifter) (Elf:3)
  30 yaks
  4 wraiths
  13 deep elf magi
  2 fire elementals (Snake:1)
  2 wyverns
  A trapdoor spider (D:14)
  9 hippogriffs
  2 hungry ghosts (D:9)
  8 basilisks
  3 hogs (Elf:1)
  43 water moccasins
  43 vampire mosquitoes
  10 deep elf fighters
  65 nagas
  31 swamp worms
  22 wolves
  8 swamp drakes
  4 hell hounds (Snake:1)
  11 porcupines
  6 wargs
  18 ice beasts
  5 sky beasts
  2 slaves
  5 wasps
  5 phantoms
  3 black bears
  17 orc warriors
  2 eyes of draining (D:13)
  20 ogres
  A necrophage (D:10)
  5 boring beetles
  16 crocodiles
  A giant frog (shapeshifter) (Elf:2)
  17 centaurs
  7 big kobolds
  35 giant frogs
  A gnoll sergeant (D:6)
  A water moccasin zombie (D:7)
  5 scorpions
  A wight (D:9)
  2 electric eels (Lair:5)
  7 crimson imps
  2 goliath beetles
  34 killer bees
  10 hounds
  2 giant frog zombies
  A jelly (D:9)
  23 orc wizards
  An elf zombie (D:13)
  18 orc priests
  7 centaur skeletons
  3 giant frog skeletons
  4 spectral orcs (Orc:2)
  9 iguanas
  17 worker ants
  26 sheep
  A human zombie (D:5)
  2 hound zombies
  A hound skeleton (D:5)
  A mummy (D:10)
  9 gnolls
  31 river rats
  A worker ant zombie (D:8)
  7 adders
  An orc zombie (Orc:4)
  6 shadow imps
  4 white imps (D:10)
  2 worms
  An adder skeleton (D:5)
  7 giant geckos
  An ooze (D:3)
  150 orcs
  A ball python (D:5)
  16 bats
  7 giant cockroaches
  18 goblins
  25 hobgoblins
  5 quokkas
  10 giant newts
  2 giant spores
  14 jackals
  33 kobolds
  15 rats
  21 ballistomycetes
  10 briar patches
  A fungus (Elf:2)
  3 plants
1577 creatures vanquished.

Vanquished Creatures (collateral kills)
  Asterion (Elf:2)
  Kirke (Elf:1)
  Roxanne (Snake:4)
  A greater naga (Snake:2)
  An orc warlord (Orc:4)
  An azure jelly (Lair:7)
  Azrael (Snake:1)
  2 naga warriors
  A rakshasa (D:14)
  2 hydras
  An ice dragon (D:14)
  A catoblepas (Lair:8)
  2 orc high priests
  2 death yaks (Lair:8)
  4 naga sharpshooters
  Nergalle (Orc:2)
  A salamander mystic (Snake:5)
  A deep elf summoner (Elf:1)
  A lindwurm (Lair:8)
  5 deep elf conjurers (Elf:1)
  2 orc knights (Orc:4)
  A griffon (Lair:8)
  3 orc sorcerers
  3 manticores
  2 guardian serpents
  2 black mambas (Lair:8)
  An orange demon (Orc:2)
  4 spiny frogs (Lair:8)
  An efreet (D:15)
  A komodo dragon (Lair:8)
  3 deep elf priests
  A tengu conjurer (D:15)
  A blink frog (Lair:8)
  A polar bear (D:14)
  A raven (D:15)
  A blue devil (Orc:4)
  2 two-headed ogres (Orc:4)
  A spriggan (Swamp:5)
  7 deep elf magi
  A basilisk (Lair:8)
  A hog (Elf:1)
  A wraith (D:14)
  A vampire mosquito (Swamp:5)
  6 deep elf fighters (Elf:1)
  3 nagas
  An insubstantial wisp (Lair:8)
  3 wargs
  5 wolves (Lair:8)
  A hell hound (Snake:1)
  4 water moccasins (Lair:8)
  29 orc warriors
  An orc zombie (Orc:4)
  A phantom (D:11)
  A sky beast (D:9)
  6 ice beasts (D:14)
  10 ogres
  A necrophage (D:9)
  A giant frog (D:9)
  A crocodile (Lair:8)
  3 killer bees (D:14)
  A lava snake (Orc:1)
  18 orc priests
  11 orc wizards
  2 sheep (Lair:8)
  2 spectral orcs (Orc:2)
  A white imp (D:14)
  157 orcs
  6 goblins
  4 hobgoblins
352 creatures vanquished.

Vanquished Creatures (others)
  A merfolk impaler (Elf:2)
  An anaconda (Snake:2)
  A spriggan (Swamp:5)
  A deep elf conjurer (Elf:2)
  A black mamba (Snake:2)
  11 air elementals
  A spiny frog (Swamp:5)
  8 fire elementals
  A deep elf priest (Elf:2)
  A bog body (Swamp:5)
  A deep elf mage (Elf:2)
  A redback (Elf:2)
  2 deep elf fighters (Elf:2)
  4 water moccasins
  A wasp (Swamp:5)
  2 orc wizards (Orc:4)
  A worker ant (D:7)
  An orc (Orc:2)
  A giant cockroach (D:5)
  7 giant spores
  8 ballistomycetes (Swamp:4)
  A bush (Lair:8)
  20 fungi
  A plant (Swamp:4)
78 creatures vanquished.

Grand Total: 2007 creatures vanquished

Notes
Turn   | Place    | Note
--------------------------------------------------------------
     0 | D:1      | inmateoo, the Hill Orc Fire Elementalist, began the quest for the Orb.
     0 | D:1      | Reached XP level 1. HP: 14/14 MP: 3/3
   112 | D:1      | Reached XP level 2. HP: 8/20 MP: 0/4
   324 | D:1      | Learned a level 2 spell: Throw Flame
   775 | D:1      | Reached XP level 3. HP: 24/26 MP: 3/5
  1673 | D:2      | Reached skill level 4 in Fire Magic
  1673 | D:2      | Reached XP level 4. HP: 24/33 MP: 0/7
  1799 | D:2      | Learned a level 3 spell: Conjure Flame
  2567 | D:3      | Found a glowing silver altar of Zin.
  2569 | D:3      | Noticed an angel
  2570 | D:3      | Found a shimmering altar of Xom.
  2721 | D:3      | Reached XP level 5. HP: 38/38 MP: 0/8
  2806 | D:3      | Noticed an ogre
  2838 | D:3      | Killed an ogre
  2838 | D:3      | Reached XP level 6. HP: 45/45 MP: 0/9
  3693 | D:4      | Reached skill level 5 in Fire Magic
  4182 | D:4      | Reached XP level 7. HP: 48/50 MP: 2/10
  4188 | D:4      | Learned a level 4 spell: Sticky Flame
  4200 | D:4      | Found Qynlay's Distillery.
  4203 | D:4      | Bought a potion of curing for 30 gold pieces
  4203 | D:4      | Bought a potion of heal wounds for 50 gold pieces
  4203 | D:4      | Bought a potion of brilliance for 40 gold pieces
  4203 | D:4      | Bought a potion of invisibility for 80 gold pieces
  4203 | D:4      | Bought a potion of might for 40 gold pieces
  4203 | D:4      | Bought a potion of degeneration for 10 gold pieces
  4300 | D:4      | Noticed Pikel
  4309 | D:5      | Entered Level 5 of the Dungeon
  5437 | D:5      | Found a blossoming altar of Fedhas.
  5587 | D:5      | Reached skill level 1 in Fighting
  5587 | D:5      | Reached skill level 6 in Fire Magic
  6082 | D:5      | Reached skill level 1 in Axes
  6087 | D:5      | Reached XP level 8. HP: 51/61 MP: 6/12
  6149 | D:5      | Reached skill level 5 in Conjurations
  6245 | D:6      | Found a staircase to the Ecumenical Temple.
  6258 | D:6      | Found Caluicack's Distillery.
  6480 | D:6      | Reached skill level 7 in Fire Magic
  6773 | D:6      | Found a shattered altar of Ashenzari.
  6781 | D:6      | Became a worshipper of Ashenzari the Shackled
  6822 | D:6      | Gained mutation: You are partially covered in large bone plates (AC +2, SH +2). [potion of beneficial mutation]
  7097 | D:6      | Reached XP level 9. HP: 68/70 MP: 2/14
  7102 | D:6      | Learned a level 3 spell: Mephitic Cloud
  7313 | D:6      | Bought 2 potions of mutation for 60 gold pieces
  7317 | D:6      | Gained mutation: You are clumsy. (Dex -2) [potion of mutation]
  7317 | D:6      | Gained mutation: You passively map a small area around you. [potion of mutation]
  7317 | D:6      | Gained mutation: Your body is slowly deteriorating. [potion of mutation]
  7318 | D:6      | Gained mutation: You have a pair of small horns on your head. [potion of mutation]
  7318 | D:6      | Gained mutation: You possess an exceptional clarity of mind. [potion of mutation]
  7318 | D:6      | Gained mutation: Armour fits poorly on your strangely shaped body. [potion of mutation]
  7529 | D:6      | Reached skill level 8 in Fire Magic
  7628 | D:6      | Found a stormy altar of Qazlal.
  7636 | D:6      | Found a bloodstained altar of Trog.
  8902 | D:7      | Found a deep blue altar of Sif Muna.
  9072 | D:7      | Reached skill level 5 in Fighting
  9094 | D:8      | Got the shortbow "Yfujuq" {freeze, MP+9 Int+4}
  9095 | D:8      | Identified the +1 shortbow "Yfujuq" {freeze, MP+9 Int+4} (You found it on level 8 of the Dungeon)
  9386 | D:8      | Reached skill level 5 in Axes
  9386 | D:8      | Reached XP level 10. HP: 81/81 MP: 8/16
  9390 | D:8      | Reached skill level 9 in Fire Magic
  9852 | D:8      | Found an opulent altar of Gozag.
  9853 | D:8      | Found an ancient bone altar of Kikubaaqudgha.
  9927 | D:8      | Found a shadowy altar of Dithmenos.
 10330 | D:9      | Found a burning altar of Makhleb.
 10447 | D:9      | Found a staircase to the Orcish Mines.
 10697 | D:9      | Reached skill level 1 in Shields
 10897 | D:9      | Reached skill level 10 in Fire Magic
 10901 | D:9      | Lost mutation: Armour fits poorly on your strangely shaped body. [mutagenic meat]
 10902 | D:9      | Gained mutation: You are somewhat resistant to further mutation. [mutagenic meat]
 11485 | D:9      | Noticed a manticore
 11498 | D:9      | Killed a manticore
 11498 | D:9      | Reached skill level 5 in Spellcasting
 11797 | D:9      | Reached XP level 11. HP: 89/91 MP: 7/18
 12214 | D:9      | Found Uphen's General Store.
 12259 | D:9      | Found a snail-covered altar of Cheibriados.
 12294 | D:9      | Learned a level 5 spell: Fireball
 12493 | D:10     | Entered Level 10 of the Dungeon
 12728 | D:10     | Found a staircase to the Lair.
 12806 | D:10     | Noticed a hill giant
 12822 | D:10     | Killed a hill giant
 12942 | D:10     | Reached skill level 11 in Fire Magic
 13048 | D:10     | Noticed an obsidian statue
 13778 | D:10     | Noticed an unseen horror
 13785 | D:10     | Killed an unseen horror
 14432 | D:10     | Noticed an ice devil
 14439 | D:10     | Noticed a soul eater
 14624 | D:10     | Noticed a soul eater
 14859 | D:10     | Killed an obsidian statue
 14859 | D:10     | Reached skill level 1 in Evocations
 14886 | D:10     | Got the short sword of Bread {pierce, rF+}
 14887 | D:10     | Identified the +6 short sword of Bread {pierce, rF+} (You found it on level 10 of the Dungeon)
 14933 | D:11     | Noticed Erica
 14949 | D:11     | Killed Erica
 14969 | D:11     | Reached skill level 12 in Fire Magic
 14969 | D:11     | Reached XP level 12. HP: 101/101 MP: 5/23
 15077 | D:11     | Found a labyrinth entrance.
 15105 | D:11     | Noticed Urug
 15114 | Lab      | Entered a labyrinth
 15359 | Lab      | Noticed a minotaur
 15365 | Lab      | Killed a minotaur
 15365 | Lab      | Reached skill level 5 in Shields
 15405 | Lab      | Learned a level 2 spell: Cure Poison
 15569 | D:11     | Killed Urug
 16106 | D:11     | Noticed an unseen horror
 16110 | D:11     | Killed an unseen horror
 16110 | D:11     | Reached XP level 13. HP: 96/107 MP: 16/24
 16195 | D:11     | Acquired Ashenzari's first power
 16455 | D:11     | Reached skill level 5 in Evocations
 16782 | D:12     | Reached skill level 1 in Armour
 17015 | D:12     | Identified the cursed +1 leather armour of Existentialism {-Cast rPois rCorr Dex+5}
 17428 | D:13     | Reached skill level 13 in Fire Magic
 18203 | D:13     | Noticed Josephine
 18214 | D:13     | Found a gate to the Vaults.
 18530 | D:13     | Noticed Nessos
 19616 | Lair:1   | Entered Level 1 of the Lair of Beasts
 19655 | Lair:1   | Reached skill level 5 in Armour
 20419 | Lair:1   | Found a shimmering altar of Xom.
 21013 | Lair:1   | Acquired Ashenzari's second power
 21626 | Lair:2   | Reached XP level 14. HP: 99/118 MP: 26/26
 22110 | Lair:3   | Acquired Ashenzari's third power
 22212 | Lair:3   | Reached skill level 14 in Fire Magic
 24039 | Lair:4   | Reached skill level 10 in Fighting
 24428 | Lair:4   | Reached skill level 1 in Air Magic
 25466 | Lair:5   | Acquired Ashenzari's fourth power
 26128 | Lair:5   | Found a staircase to the Swamp.
 26281 | Lair:5   | Found a staircase to the Snake Pit.
 26703 | Lair:6   | Noticed Snorg
 26710 | Lair:6   | Killed Snorg
 27386 | Lair:7   | Reached skill level 1 in Poison Magic
 27724 | Lair:7   | Found a runed door.
 27724 | Lair:7   | Found a viscous altar of Jiyva.
 27724 | Lair:7   | Found a staircase to the Slime Pits.
 27724 | Lair:7   | Noticed an azure jelly
 28241 | Lair:7   | Reached XP level 15. HP: 122/128 MP: 6/27
 28304 | Lair:7   | Reached skill level 15 in Fire Magic
 28790 | Lair:7   | Found a runed door.
 28871 | Lair:7   | Hired Refrax the merfolk for 320 gold.
 28873 | Lair:7   | Hired Gemesatt the merfolk for 281 gold.
 28945 | Lair:8   | Entered Level 8 of the Lair of Beasts
 28992 | Lair:8   | Found a frozen archway.
 29008 | Lair:8   | Your ally Gemesatt died
 29097 | IceCv    | Entered an ice cave
 31070 | Lair:7   | Killed an azure jelly
 31335 | Orc:1    | Entered Level 1 of the Orcish Mines
 31341 | Orc:1    | Found Adekag's Assorted Antiques.
 31354 | Orc:1    | Bought a scroll of blinking for 217 gold pieces
 31354 | Orc:1    | Bought a glowing golden amulet for 145 gold pieces
 31404 | Orc:1    | Found Iratean's Food Shoppe.
 31840 | Orc:3    | Found a roughly hewn altar of Beogh.
 31933 | Orc:2    | Found a burning altar of Makhleb.
 31939 | Orc:2    | Noticed Nergalle
 31963 | Orc:2    | Killed Nergalle
 32283 | Orc:1    | Found Makkuipt's General Store.
 32305 | Orc:1    | Found a radiant altar of Vehumet.
 32400 | Orc:1    | Noticed Erolcha
 32408 | Orc:1    | Killed Erolcha
 32963 | Orc:1    | Found Numad's Armour Boutique.
 32979 | Orc:1    | Bought a +0 pair of boots for 58 gold pieces
 32979 | Orc:1    | Bought a +0 hat for 52 gold pieces
 33064 | Orc:4    | Entered Level 4 of the Orcish Mines
 33339 | Orc:4    | Found a roughly hewn altar of Beogh.
 33374 | Orc:4    | Reached skill level 10 in Conjurations
 33534 | Orc:4    | Found Fuaxim's Food Boutique.
 33538 | Orc:4    | Found Iblusm's Distillery.
 33544 | Orc:4    | Bought a potion of poison for 12 gold pieces
 33545 | Orc:4    | Bought 2 potions of haste for 240 gold pieces
 33545 | Orc:4    | Bought 2 potions of heal wounds for 120 gold pieces
 33545 | Orc:4    | Bought a potion of heal wounds for 60 gold pieces
 33545 | Orc:4    | Bought a potion of haste for 120 gold pieces
 33545 | Orc:4    | Bought a potion of cancellation for 96 gold pieces
 33659 | Orc:4    | Reached skill level 5 in Dodging
 34135 | Orc:4    | Found a staircase to the Elven Halls.
 34200 | Orc:4    | Reached XP level 16. HP: 70/139 MP: 24/29
 34650 | Orc:4    | Found Izaas's Antique Weapon Boutique.
 34877 | Orc:4    | Found Xamofeg's Antique Armour Shop.
 34931 | Orc:4    | Found a roughly hewn altar of Beogh.
 35271 | Elf:1    | Entered Level 1 of the Elven Halls
 35550 | Elf:1    | Found Cuecvalo's Antique Weapon Shop.
 35609 | Elf:1    | Noticed Kirke
 35614 | Elf:1    | Killed Kirke
 35755 | Elf:1    | Noticed Aizul
 35763 | Elf:1    | Killed Aizul
 36292 | Elf:2    | Noticed Asterion
 36296 | Elf:2    | Your ally Refrax died
 36491 | Elf:2    | Found Qeaqetha's Distillery.
 36498 | Elf:2    | Bought a potion of curing for 45 gold pieces
 36498 | Elf:2    | Bought a potion of curing for 45 gold pieces
 36717 | Elf:2    | Found a runed gate.
 36718 | Elf:2    | Found a runed gate.
 36721 | Elf:2    | Found a runed gate.
 37049 | Elf:2    | Reached skill level 10 in Spellcasting
 37318 | Elf:2    | Killed Asterion
 37338 | Elf:2    | Found Waopakysch's Food Shoppe.
 37365 | Elf:2    | Reached skill level 10 in Evocations
 37502 | Elf:3    | Entered Level 3 of the Elven Halls
 37661 | Elf:3    | Found Hollunna's Gadget Shoppe.
 37677 | Elf:3    | Bought a wand of disintegration (10) for 238 gold pieces
 37677 | Elf:3    | Bought a lamp of fire for 680 gold pieces
 37758 | Elf:3    | Identified the ring of Socriwuw {Str+3 Int+4 Stlth+}
 37758 | Elf:3    | Identified the ring of Vemeog {rPois Stlth+}
 38090 | D:13     | Killed Josephine
 38361 | D:14     | Noticed Agnes
 38363 | D:14     | Found a portal to a secret trove of treasure.
 38368 | D:14     | Killed Agnes
 38405 | D:14     | You paid a toll of 4 scrolls of blinking to enter a treasure trove
 38406 | Trove    | Entered a treasure trove
 38409 | Trove    | Identified the ring of Meuxecat {rPois rF+ rC+ Stlth+}
 38888 | D:14     | Reached XP level 17. HP: 144/148 MP: 8/31
 39159 | D:14     | Noticed Frances
 39173 | D:14     | Killed Frances
 39711 | D:15     | Entered Level 15 of the Dungeon
 39735 | D:15     | Killed Nessos
 39876 | D:15     | Found a staircase to the Depths.
 40094 | D:15     | Found a white marble altar of Elyvilon.
 40738 | Snake:1  | Entered Level 1 of the Snake Pit
 41314 | Snake:1  | Noticed Rupert
 41345 | Snake:1  | Killed Rupert
 41423 | Snake:1  | Noticed Azrael
 41767 | Snake:1  | Identified the cursed +1 leather armour of Lugonu's Whim {Int+3 Dex-4}
 42344 | Snake:2  | Reached skill level 10 in Axes
 43584 | Snake:3  | Noticed Vashnia
 43606 | Snake:3  | Killed Vashnia
 43620 | Snake:3  | Reached XP level 18. HP: 33/158 MP: 13/32
 44101 | Snake:3  | HP: 6/159 [shock serpent/electric aura (7)]
 44481 | Snake:3  | Noticed Jorgrun
 44493 | Snake:3  | Killed Jorgrun
 44493 | Snake:3  | Reached skill level 10 in Armour
 46094 | Snake:4  | Found a white marble altar of Elyvilon.
 46204 | Snake:4  | Found Kadur's Gadget Emporium.
 47263 | Snake:4  | Noticed Roxanne
 47646 | Snake:4  | Killed Roxanne
 47683 | Snake:4  | Identified Roxanne's Almanac of Transmigration and Toxins (You took it off Roxanne on level 4 of the Snake Pit)
 47692 | Snake:4  | Learned a level 6 spell: Statue Form
 47873 | Snake:4  | Reached skill level 1 in Earth Magic
 48107 | Snake:5  | Entered Level 5 of the Snake Pit
 48153 | Snake:5  | Reached skill level 1 in Transmutations
 49275 | Snake:5  | Reached XP level 19. HP: 158/167 MP: 28/34
 49278 | Snake:5  | Found a deep blue altar of Sif Muna.
 50538 | Snake:5  | Reached skill level 5 in Earth Magic
 52123 | Snake:5  | Got a serpentine rune of Zot
 52484 | Snake:1  | Killed Azrael
 52545 | Swamp:1  | Entered Level 1 of the Swamp
 52982 | Swamp:1  | Reached skill level 5 in Transmutations
 54021 | Swamp:2  | Reached XP level 20. HP: 174/174 MP: 32/36
 54218 | Swamp:2  | Found an ancient bone altar of Kikubaaqudgha.
 56510 | Swamp:4  | Noticed Hanyuu's ghost (mighty KoAs)
 56548 | Swamp:4  | Killed Hanyuu's ghost
 56740 | Swamp:5  | Entered Level 5 of the Swamp
 57259 | Swamp:5  | Noticed Nikola
 57264 | Swamp:5  | Noticed Mara
 57264 | Swamp:5  | Noticed Mara
 57265 | Swamp:5  | Noticed Mara
 57266 | Swamp:5  | Noticed inmateoo's illusion
 57411 | Swamp:5  | Killed from afar by Nikola

Action                   |  1- 3 |  4- 6 |  7- 9 | 10-12 | 13-15 | 16-18 | 19-21 || total
-------------------------+-------+-------+-------+-------+-------+-------+-------++-------
Melee: Unarmed           |    11 |    22 |       |       |       |       |       ||    33
       Whip              |       |     3 |   256 |   169 |       |       |       ||   428
       Staff             |       |     1 |    11 |    45 |  1094 |  1311 |   957 ||  3419
       Hand axe          |       |       |    21 |       |       |       |       ||    21
       Short sword       |       |       |       |     1 |       |       |       ||     1
       Broad axe         |       |       |       |       |     9 |   168 |    94 ||   271
 Fire: Shortbow          |       |       |       |    24 |       |       |       ||    24
Throw: Javelin           |       |     6 |     2 |     3 |     7 |     1 |     1 ||    20
 Cast: Flame Tongue      |    63 |   115 |   196 |   307 |   321 |    65 |    45 ||  1112
       Conjure Flame     |       |     4 |     9 |    14 |    42 |    28 |    13 ||   110
       Sticky Flame      |       |       |    18 |    31 |   156 |   162 |   137 ||   504
       Throw Flame       |       |       |     3 |     9 |     3 |     2 |     3 ||    20
       Mephitic Cloud    |       |       |     1 |     4 |     3 |       |     1 ||     9
       Fireball          |       |       |       |     7 |     4 |    37 |    34 ||    82
       Cure Poison       |       |       |       |       |    13 |    10 |     4 ||    27
       Statue Form       |       |       |       |       |       |       |     1 ||     1
Evoke: Rod               |       |       |       |     2 |     2 |    12 |     4 ||    20
       Fan of gales      |       |       |       |     1 |       |     3 |     4 ||     8
       Deck              |       |       |       |       |    32 |       |       ||    32
       Wand              |       |       |       |       |     2 |     1 |     3 ||     6
       Lamp of fire      |       |       |       |       |       |     3 |     2 ||     5
  Use: Scroll            |     5 |     4 |     7 |     4 |    29 |    11 |    12 ||    72
       Potion            |       |       |     6 |     4 |     3 |    12 |     2 ||    27
 Stab: Sleeping          |       |       |       |     2 |       |     1 |     2 ||     5
       Distracted        |       |       |       |       |     1 |     5 |     1 ||     7
  Eat: Chunk             |     3 |    10 |    12 |    10 |    28 |    10 |    12 ||    85
       Meat ration       |       |       |     1 |     4 |     7 |     8 |     2 ||    22
       Bread ration      |       |       |     1 |     1 |     2 |     1 |     3 ||     8
       Beef jerky        |       |       |       |     1 |     4 |     4 |     3 ||    12
       Fruit             |       |       |       |       |     2 |     2 |     7 ||    11
       Royal jelly       |       |       |       |       |     1 |     9 |     1 ||    11
       Pizza             |       |       |       |       |     2 |     1 |     2 ||     5
